 Dungeon Crawl Stone Soup version 0.31-a0-435-g2c6fae2916 (webtiles) character file.

Game seed: 3221706723731634628

56 Ethylacetat the Insei (level 3, -1/20 HPs)
             Began as a Vine Stalker Monk on Aug 1, 2023.
             Slain by a phantom (6 damage)
             ... on level 2 of the Dungeon.
             The game lasted 00:01:16 (1061 turns).

Ethylacetat the Insei (Vine Stalker Monk)           Turns: 1061, Time: 00:01:17

Health: -1/20      AC:  2    Str: 13    XL:     3   Next: 97%
Magic:  0/5        EV: 13    Int: 10    God:
Gold:   70         SH:  0    Dex: 18    Spells: 4/4 levels left

rFire   . .          .
                       - Unarmed
rCold   . . .        c - orb {light}
rNeg    . . .        a - +0 robe
rPois   .            (no helmet)
rElec   .            (no cloak)
rCorr   .            (no gloves)
SInv    .            (no boots)
Will    .....        (no amulet)
Stlth   +            (no ring)
HPRegen 0.23/turn    (no ring)
MPRegen 0.09/turn

%: guardian spirit
@: glowing
A: fangs 2, magic shield, antimagic bite, no potion heal 2
a: no special abilities


You were on level 2 of the Dungeon.
You visited 1 branch of the dungeon, and saw 2 of its levels.

You collected 70 gold pieces.

Inventory:

Armour
 a - a +0 robe (worn)
 c - an orb of light (worn)
Scrolls
 d - 2 scrolls of teleportation {unknown}
Potions
 b - a potion of ambrosia
 e - 2 potions of lignification {unknown}
 f - a potion of berserk rage {unknown}
 g - 2 potions of attraction {unknown}
 h - a potion of curing {unknown}


   Skills:
 * Level 3.3 Fighting
 - Level 2.5 Dodging
 * Level 3.7 Unarmed Combat
 + Level 1.0 Spellcasting


You had 4 spell levels left.
You didn't know any spells.
Your spell library contained the following spells:

 Spells                   Type           Power      Damage    Failure   Level
 Shock                    Conj/Air       0%         1d3       34%         1
 Hailstorm                Conj/Ice       0%         3d3       71%         3
 Swiftness                Air            0%         N/A       71%         3
 Airstrike                Air            0%         2d(0-16)  98%         4
 Summon Ice Beast         Ice/Summ       0%         N/A       98%         4
 Simulacrum               Ice/Necr       0%         N/A       100%        6


Dungeon Overview and Level Annotations

Branches:
Dungeon (2/15)

Altars:


Innate Abilities, Weirdness & Mutations

You have extremely sharp teeth.
When hurt, damage is shared between your health and your magic reserves.
Your bite disrupts and absorbs the magic of your enemies.
Potions cannot restore your health.


Message History

You open the door.
There is an open door here.
You open the door.
A goblin comes into view. It is wielding a +0 club.
The goblin shouts!
A goblin is nearby!
A phantom comes into view.
The goblin hits you with a +0 club.
You barely miss the goblin. Your bite misses the goblin.
The goblin completely misses you.
You hit the goblin.
You kill the goblin!
Found a square emerald amulet.
You see here a +0 club.
The phantom hits you!
You hit the phantom. You bite the phantom, but do no damage.
The phantom is lightly damaged.
You barely miss the phantom.
The phantom is lightly damaged.
The phantom misses you.
You hit the phantom but do no damage.
The phantom is lightly damaged.
The phantom hits you.
You are too injured to fight recklessly!
You are too injured to fight recklessly!
You are too injured to fight recklessly!
You closely miss the phantom.
The phantom is lightly damaged.
The phantom hits you.
The phantom blinks!
You blink.
Found a plate armour and 7 gold pieces.
You completely miss the phantom.
The phantom is lightly damaged.
The phantom hits you.
* * * LOW HITPOINT WARNING * * *
You hit the phantom but do no damage. You bite the phantom, but do no damage.
The phantom is lightly damaged.
The phantom hits you.
* * * LOW HITPOINT WARNING * * *
The phantom attacks as you move away! The phantom hits you!
You die...

#.# #.# #.##### #.....#
#'###.# ###########
......# #...[....$.
......# #..........
......########..W.......
....>†'......+..@.......
......##....##..........
#'##...#....###.........
#.###..#....###.####....
#...........+"...# ...
#.#.###.....#..§.# ..
#...#.......###.!# .
#####.#.....# #).#
.<..#.#.◎...# #.?#


You could see a phantom.

Vanquished Creatures
  An adder (D:2)
  A worm (D:2)
  A dart slug (D:1)
  2 bats (D:1)
  6 endoplasms (D:1)
  A giant cockroach (D:1)
  4 goblins
  A hobgoblin (D:1)
  3 jackals (D:1)
  5 kobolds (D:1)
  A quokka (D:1)
  6 ball pythons (D:1)
  4 frilled lizards
  2 rats
38 creatures vanquished.

Notes
Turn   | Place    | Note
-------+----------+-------------------------------------------
     0 | D:1      | Ethylacetat the Vine Stalker Monk began the quest for the
                  | Orb.
     0 | D:1      | Reached XP level 1. HP: 11/11 MP: 2/2
   121 | D:1      | Reached XP level 2. HP: 16/16 MP: 3/3
   369 | D:1      | Reached XP level 3. HP: 20/20 MP: 4/4
   984 | D:2      | Reached skill level 1 in Spellcasting
  1050 | D:2      | Noticed a phantom
  1061 | D:2      | Slain by a phantom

Illustrated notes

Levels and vault maps discovered:
D:1:      roderic_dead_forest, layout_basic,
          wander_ebering_terrifying_dragon_lair
D:2:      layout_basic, minmay_statues_item

Skill      XL: |  1  2  3 |
---------------+----------+-----
Fighting       | 3 |  3.3
Spellcasting   | 1 |  1.0
Dodging        | |  2.5
Unarmed Combat | |  3.7

Action                     || total
---------------------------++-------
  Melee: Unarmed           ||    78
         Bite              ||    19
 Armour: Robe              ||    11
  Dodge: Dodged            ||    43

Table legend: (Time is in decaauts)
 A = Elapsed time spent in this place.
 B = Non-inter-level travel time spent in this place.
 C = Inter-level travel time spent in this place.
 D = Time resting spent in this place.
 E = Time spent auto-exploring this place.
 F = Levels seen in this place.
 G = Mean time per level.
                   A        B        C        D        E       F      G
               +--------+--------+--------+--------+--------+-----+--------+
         Total |   1055 |    981 |     74 |      0 |    811 |   2 |  527.5 |
       Dungeon |   1055 |    981 |     74 |      0 |    811 |   2 |  527.5 |
               +--------+--------+--------+--------+--------+-----+--------+

Top non-repeatable levels by time:
     D:1: 969 daAuts
     D:2: 86 daAuts
